 Dungeon Crawl Stone Soup version 0.29.1-2-gbd0b4ee654 (webtiles) character file.

Game seed: 5787972173431451052

32 Descartes the Charlatan (level 3, 0/16 HPs)
             Began as a Spriggan Wanderer on Nov 16, 2022.
             Slain by a hobgoblin (5 damage)
             ... on level 1 of the Dungeon.
             The game lasted 00:03:49 (2297 turns).

Descartes the Charlatan (Spriggan Wanderer)         Turns: 2297, Time: 00:03:50

Health: 0/16       AC:  2    Str: 10    XL:     3   Next: 10%
Magic:  8/8        EV: 16    Int: 16    God:
Gold:   73         SH:  0    Dex: 11    Spells: 7/8 levels left

rFire   . . .      SeeInvis +   a - +0 dagger
rCold   . . .      Faith    .   (no shield)
rNeg    . . .      Spirit   .   e - +0 robe
rPois   .          Reflect  .   (helmet restricted)
rElec   .          Harm     .   (no cloak)
rCorr   .          Rampage  .   (gloves unavailable)
Will    .....                   (boots unavailable)
Stlth   ++........              (no amulet)
HPRegen 0.05/turn               (no ring)
MPRegen 0.11/turn               (no ring)

@: very quick
A: very small, no large weapons, unfitting armour, see invisible, speed 3
a: no special abilities


You were on level 1 of the Dungeon.
You visited 1 branch of the dungeon, and saw 1 of its levels.

You collected 73 gold pieces.

Inventory:

Hand Weapons
 a - a +0 dagger (weapon)
Missiles
 b - 10 poisoned darts (quivered)
Armour
 e - a +0 robe (worn)
Jewellery
 g - a ring of fire
Wands
 c - a wand of quicksilver (4)
Scrolls
 d - a scroll of blinking
 i - 2 scrolls of fear {unknown}
 j - a scroll of immolation {unknown}
Potions
 f - a potion of lignification {unknown}
 h - a potion of flight {unknown}


   Skills:
 + Level 1.2 Short Blades
 - Level 3.0 Throwing
 + Level 1.0 Dodging
 + Level 1.6 Stealth
 + Level 3.1 Spellcasting
 + Level 0.0 Conjurations
 + Level 2.7 Hexes
 + Level 4.2 Evocations


You had 7 spell levels left.
You knew the following spells:

 Your Spells              Type           Power      Damage    Failure   Level
a - Slow                  Hex            44%        N/A       6%          1

Your spell library contained the following spells:

 Spells                   Type           Power      Damage    Failure   Level
 Summon Guardian Golem    Hex/Summ       6%         N/A       32%         3


Dungeon Overview and Level Annotations

Branches:
Dungeon (1/15)

Altars:


Innate Abilities, Weirdness & Mutations

You are very small and have problems with some larger weapons.
You are too small for most types of armour.
You have supernaturally acute eyesight. (SInv)
You cover ground extremely quickly. (Speed+++)


Message History

You hit the hobgoblin but do no damage.
The hobgoblin is almost dead.
The kobold completely misses you. The goblin hits you with a +0 dagger.
The hobgoblin completely misses you. The kobold hits you but does no damage.
The kobold throws a stone.
The stone barely misses you.
The kobold throws a stone.
The stone hits you.
Casting: Slow (safe; 6% risk of failure)
Confirm with . or Enter, or press ? or * to list all spells.
Aiming: Slow (safe; 6% risk of failure)
Press: ? - help, Shift-Dir - straight line, f - goblin
Aim: a goblin, wielding a +0 dagger (chance to affect: 67%)
The goblin seems to slow down.
You completely miss the goblin. You hit the goblin.
The goblin is moderately wounded.
The goblin hits you with a +0 dagger.
You hit the goblin.
The goblin is severely wounded.
The goblin barely misses you.
You miss the goblin.
The goblin is severely wounded.
You closely miss the goblin. You punch the goblin.
You kill the goblin!
You see here a +0 dagger.
A hobgoblin is nearby!
Casting: Slow (safe; 6% risk of failure)
Confirm with . or Enter, or press ? or * to list all spells.
Aiming: Slow (safe; 6% risk of failure)
Press: ? - help, Shift-Dir - straight line, f - hobgoblin
Aim: a hobgoblin (moderately wounded, wandering, hasn't noticed you, chance to affect: 67%)
The hobgoblin shouts!
The hobgoblin seems to slow down.
You see here a +0 dagger.
You closely miss the hobgoblin.
The hobgoblin is moderately wounded.
The hobgoblin hits you.
You barely miss the hobgoblin.
The hobgoblin is moderately wounded.
The hobgoblin hits you.
You die...

........#.#..# ♣⌠♣ #....##...
.............♣♣♣♣♣.♣♣♣♣♣.........
.........K#.....⌠.<.⌠............
.............♣♣♣♣♣.♣♣♣♣♣.........
...##........# ♣⌠♣ #.....####
.#.##...>....##♣♣♣.♣♣♣##.....#
.#...........................#
...............###...........#
...............g@............#
K..g..........#####..........#
..............# .....
.............># ....
..........##### ... >.........#
.. .........## # .##.....##
#########


You could see a hobgoblin (slow) and a kobold (wandering).

Vanquished Creatures
  3 dart slugs (D:1)
  3 ball pythons (D:1)
  4 bats (D:1)
  An endoplasm (D:1)
  A giant cockroach (D:1)
  3 goblins (D:1)
  4 hobgoblins (D:1)
  A quokka (D:1)
  3 frilled lizards (D:1)
  A rat (D:1)
24 creatures vanquished.

Notes
Turn   | Place    | Note
-------+----------+-------------------------------------------
     0 | D:1      | Descartes the Spriggan Wanderer began the quest for the
                  | Orb.
     0 | D:1      | Descartes set off with the following items: a +0 dagger, 10
                  | poisoned darts, a wand of quicksilver (4), a scroll of
                  | blinking, a +0 robe; and the following spell memorised:
                  | Slow; and the following spells available to memorise:
                  | Summon Guardian Golem.
     0 | D:1      | Reached XP level 1. HP: 9/9 MP: 5/5
   218 | D:1      | Found a faded altar of an unknown god.
   427 | D:1      | Reached skill level 1 in Stealth
   427 | D:1      | Reached XP level 2. HP: 5/13 MP: 4/6
  1160 | D:1      | Reached skill level 1 in Dodging
  1320 | D:1      | Reached skill level 1 in Short Blades
  1615 | D:1      | Reached XP level 3. HP: 5/16 MP: 4/8
  2297 | D:1      | Slain by a hobgoblin

Illustrated notes

Levels and vault maps discovered:
D:1:      scummos_arrival_forest, layout_rooms,
          shapermc_ecumenical_altar_mp_urbaneastern, minmay_door_square

Skill      XL: |  1  2 |
---------------+-------+-----
Stealth        | 1 |  1.6
Dodging        | 1 |  1.0
Spellcasting   | 3 |  3.1
Short Blades   | 1 |  1.2
Throwing       | |  3.0
Hexes          | |  2.7
Evocations     | |  4.2

Action                   || total
-------------------------++-------
Melee: Dagger            ||   162
       Punch             ||     2
 Cast: Slow              ||    35
 Stab: Sleeping          ||     1
Armor: Robe              ||    28
Dodge: Dodged            ||   147
